 Dungeon Crawl Stone Soup version 0.31-a0-365-gcf821cafb2 (webtiles) character file.

Game seed: 14284896961058593096

35 drugrobin the Sneak (level 3, 0/30 HPs)
             Began as a Demigod Delver on July 28, 2023.
             Succumbed to an adder's poison
             ... on level 3 of the Dungeon.
             The game lasted 00:02:12 (308 turns).

drugrobin the Sneak (Demigod Delver)                 Turns: 308, Time: 00:02:13

Health: 0/30       AC:  3    Str: 17    XL:     3   Next: 2%
Magic:  5/5        EV: 12    Int: 12    God:
Gold:   13         SH:  0    Dex: 15    Spells: 2/2 levels left

rFire   + . .        a - +0 hand axe
rCold   + . .        (no shield)
rNeg    . . .        b - +0 leather armour
rPois   +            (no helmet)
rElec   +            (no cloak)
rCorr   +            (no gloves)
SInv    .            (no boots)
Will    .....        (no amulet)
Stlth   +++          (no ring)
HPRegen 0.25/turn    (no ring)
MPRegen 0.09/turn

%: no passive effects
@: lethally poisoned (0 -> -1), resistant
A: high MP 1, forlorn, divine attributes
a: no special abilities


You were on level 3 of the Dungeon.
You visited 1 branch of the dungeon, and saw 3 of its levels.

You collected 13 gold pieces.

Inventory:

Hand Weapons
 a - a +0 hand axe (weapon)
Armour
 b - a +0 leather armour (worn)
Wands
 g - a wand of digging (3)
Scrolls
 c - a scroll of fog
 d - a scroll of revelation
 e - a scroll of fear
 i - a scroll of blinking {unknown}
 j - a scroll of teleportation {unknown}
Potions
 f - a potion of haste
 h - a potion of cancellation


   Skills:
 - Level 2.6 Fighting
 + Level 3.3 Axes
 - Level 1.7 Dodging
 - Level 4.5 Stealth


You had 2 spell levels left.
You didn't know any spells.
Your spell library contained the following spells:

 Spells                   Type           Power      Damage    Failure   Level
 Shock                    Conj/Air       0%         1d3       38%         1
 Swiftness                Air            0%         N/A       77%         3
 Airstrike                Air            0%         2d(0-16)  99%         4


Dungeon Overview and Level Annotations

Branches:
Dungeon (5/15)
 Temple: D:4-7

Annotations:
D:3 Natasha


Innate Abilities, Weirdness & Mutations

You have an increased reservoir of magic. (+10% MP)
You shall have no god before yourself.
Your divine heritage dramatically boosts your attributes as you level up.


Message History

You are lethally poisoned!
The adder poisons you!
You hit the adder.
You kill the adder!
* * * LOW HITPOINT WARNING * * *
You feel sick.
You have reached level 3!
Your experience leads to a dramatic increase in your attributes!
Increase (S)trength, (I)ntelligence, or (D)exterity?
You feel stronger. x4
Unknown command.
Unknown command.
There is a lethal amount of poison in your body!
Unknown command.
* * * LOW HITPOINT WARNING * * *
You feel sick.
Unknown command.
* * * LOW HITPOINT WARNING * * *
You feel sick.
Unknown command.
It was a potion of cancellation.
You feel magically purged.
* * * LOW HITPOINT WARNING * * *
You feel sick.
Unknown command.
Unknown command.
It was a potion of resistance.
You feel protected.
* * * LOW HITPOINT WARNING * * *
You feel sick.
Unknown command.
Unknown command.
There is a lethal amount of poison in your body!
Unknown command.
* * * LOW HITPOINT WARNING * * *
You feel sick.
Unknown command.
Unknown command.
Unknown command.
Unknown command.
You die...

...... ..#... .....
..#.... ......
.....##.#... ......
......#.#..# ....$.
........#.. ........
..........##
.........[.........<
.§§§≈.$.........†.# #
.≈≈≈§§..........@####.##
.≈≈_§§........^.........
.≈≈§§§..................
.≈§§≈≈..................
.§§§≈≈..................
§≈§..≈..........##..####
§≈§8.≈..........# .##
.§.............#..##
###............#.##


There were no monsters in sight!

Vanquished Creatures
  3 adders (D:3)
  An orc (D:3)
  An endoplasm (D:3)
  A hobgoblin (D:4)
  A ball python (D:4)
  A bat (D:3)
  A kobold (D:3)
  A rat (D:3)
10 creatures vanquished.

Notes
Turn   | Place    | Note
-------+----------+-------------------------------------------
     0 | D:5      | drugrobin the Demigod Delver began the quest for the Orb.
     0 | D:5      | Reached XP level 1. HP: 18/18 MP: 3/3
   113 | D:4      | Noticed an iguana
   146 | D:3      | Noticed Natasha
   218 | D:3      | Reached XP level 2. HP: 23/25 MP: 4/4
   303 | D:3      | Reached XP level 3. HP: 6/30 MP: 5/5
   307 | D:3      | HP: 1/30 [poisoned by an adder]
   308 | D:3      | Succumbed to an adder's poison

Illustrated notes

Levels and vault maps discovered:
D:3:      layout_rooms, marbit_many_paths, okawaru_trees_1,
          mainiacjoe_overflow_catwalk, nicolae_overflow_squiral,
          lightli_sewer_entry_pipes, uniq_terence, uniq_natasha
D:4:      kennysheep_goblin_castle, layout_rooms, minmay_temple_entry_grid
D:5:      layout_rooms, nicolae_overflow_hidden_temple

Skill      XL: |  1  2 |
---------------+-------+-----
Axes           | 2 3 |  3.3
Fighting       | |  2.6
Dodging        | |  1.7
Stealth        | |  4.5

Action                     || total
---------------------------++-------
  Melee: Hand axe          ||    45
         Punch             ||     1
    Use: Potion            ||     2
   Stab: Sleeping          ||     1
 Armour: Leather armour    ||    10
  Dodge: Dodged            ||    32

Table legend: (Time is in decaauts)
 A = Elapsed time spent in this place.
 B = Non-inter-level travel time spent in this place.
 C = Inter-level travel time spent in this place.
 D = Time resting spent in this place.
 E = Time spent auto-exploring this place.
 F = Levels seen in this place.
 G = Mean time per level.
                   A        B        C        D        E       F      G
               +--------+--------+--------+--------+--------+-----+--------+
         Total |    316 |    316 |      0 |      0 |      0 |   3 |  105.3 |
       Dungeon |    316 |    316 |      0 |      0 |      0 |   3 |  105.3 |
               +--------+--------+--------+--------+--------+-----+--------+

Top non-repeatable levels by time:
     D:3: 186 daAuts
     D:4: 91 daAuts
     D:5: 38 daAuts
